 Dungeon Crawl Stone Soup version 0.23.2-1-ga50397a (webtiles) character file.

Game seed: 5983761215994959806

69 diana the Skirmisher (level 4, 35/35 HPs)
             Began as a Demonspawn Fighter on May 31, 2019.
             Quit the game on level 2 of the Dungeon.
             The game lasted 00:01:43 (1375 turns).

diana the Skirmisher (Demonspawn Fighter)           Turns: 1375, Time: 00:01:44

Health: 35/35      AC:  7    Str: 17    XL:     4   Next: 2%
Magic:  4/4        EV:  8    Int: 10    God:
Gold:   73         SH:  9    Dex: 12    Spells: 3/3 levels left

rFire    . . .     SeeInvis .   a - +0 war axe
rCold    . . .     Gourm    .   c - +0 shield
rNeg     . . .     Faith    .   j - +0 ring mail (curse)
rPois    .         Spirit   .   (helmet restricted)
rElec    .         Reflect  .   (no cloak)
rCorr    .         Harm     .   (no gloves)
MR       .....                  (no boots)
Stlth    +.........             (no amulet)
HPRegen  0.11/turn              i - ring of wizardry
MPRegen  0.09/turn              (no ring)

@: no status effects
A: horns 1, iridescent scales 1
a: no special abilities


You were on level 2 of the Dungeon.
You were not hungry.

You visited 1 branch of the dungeon, and saw 2 of its levels.

You collected 73 gold pieces.

Inventory:

Hand Weapons
 a - a +0 war axe (weapon)
Armour
 b - a +0 scale mail
 c - a +0 shield (worn)
 j - a cursed +0 ring mail (worn)
 n - a +0 plate armour
 o - a cursed -1 helmet
Jewellery
 i - a ring of wizardry (left hand)
Scrolls
 g - a scroll of teleportation {unknown}
 h - a scroll of enchant armour {unknown}
 l - a scroll of blinking {unknown}
 m - a scroll of identify {unknown}
Potions
 d - a potion of might
 e - a potion of heal wounds {unknown}
 k - 2 potions of degeneration {unknown}
Comestibles
 f - 8 rations


   Skills:
 + Level 3.4 Fighting
 * Level 2.6 Axes
 + Level 3.1 Armour
 + Level 1.0 Dodging
 + Level 3.0 Shields


You had 3 spell levels left.
You didn't know any spells.
Your spell library was empty.

Dungeon Overview and Level Annotations

Branches:
Dungeon (2/15)

Altars:


Innate Abilities, Weirdness & Mutations

You have a pair of small horns on your head.
You are partially covered in iridescent scales. (AC +2)


Message History

No target in view!
No target in view!
No target in view!
No target in view!
No target in view!
No target in view!
No target in view!
No target in view!
No target in view!
No target in view!
No target in view!
You see here a glowing helmet.
o - a glowing helmet Wear which item? (? for menu, Esc to quit)
Okay, then.
Wield which item (- for none, * to show all)? (? for menu, Esc to quit)
Okay, then.
Drop what? 15/52 slots (_ for help) (? for menu, Esc to quit)
Okay, then.
Are you sure you want to abandon this character and quit the game? (Confirm with "yes".)

#.....#####.## ##...#
#...<.# #.########.###.
###.#### #..........# #.
#....# ######.###.###. ##
####.# #.# ##...# . #.# #<#
##.## #. #.#########.#####.#
##.#######.#.......#.#.....#
#..†........@#####.#.#.###.#
#..............# #.#.#.# #.#
#.########..##.# #.#.#.###.#
.. #..........###.#....##.#
..# #.####..##...........#.#
. #..##)###.......†.#
#..##)# #.......###
#..##.###..#)..##
##..##.#.......##


There were no monsters in sight!

Vanquished Creatures
  An orc priest (D:2)
  A dart slug (D:1)
  2 orcs (D:2)
  3 bats (D:1)
  3 giant cockroaches
  A goblin (D:2)
  5 hobgoblins
  7 jackals (D:1)
  3 kobolds (D:1)
  2 quokkas (D:2)
  A ball python (D:1)
  2 rats (D:1)
31 creatures vanquished.

Notes
Turn   | Place    | Note
-------+----------+-------------------------------------------
     0 | D:1      | diana the Demonspawn Fighter began the quest for the Orb.
     0 | D:1      | Reached XP level 1. HP: 18/18 MP: 1/1
   188 | D:1      | Gained mutation: You are partially covered in iridescent
                  | scales. (AC +2) [demonic ancestry]
   188 | D:1      | Reached XP level 2. HP: 19/24 MP: 2/2
   503 | D:1      | Gained mutation: You have a pair of small horns on your
                  | head. [demonic ancestry]
   503 | D:1      | Reached XP level 3. HP: 21/29 MP: 3/3
  1122 | D:2      | Reached skill level 1 in Dodging
  1124 | D:2      | Reached XP level 4. HP: 11/35 MP: 4/4
  1375 | D:2      | Quit the game

Skill      XL: |  1  2  3 |
---------------+----------+-----
Axes           | 2 |  2.6
Armour         | 3 |  3.1
Dodging        | 1 |  1.0
Shields        | 3 |  3.0
Fighting       | |  3.4

Action                   |  1- 3 |  4- 6 || total
-------------------------+-------+-------++-------
Melee: War axe           |   128 |     5 ||   133
       Headbutt          |     4 |     2 ||     6
  Eat: Chunk             |       |     2 ||     2
Armor: Scale mail        |    57 |       ||    57
       Ring mail         |    43 |     1 ||    44
Dodge: Dodged            |    50 |     2 ||    52
Block: Shield            |    83 |     4 ||    87
